 Dungeon Crawl Stone Soup version 0.24.0-29-g8ce449bc06 (webtiles) character file.

Game seed: 3250352134508857304, levelgen mode: deterministic

1745 Descartes the Nimble (level 8, -2/32 HPs)
             Began as a Felid Transmuter on Nov 15, 2019.
             Killed by divine providence
             ... invoked by an orc priest
              (12 damage)
             ... on level 8 of the Dungeon.
             The game lasted 00:15:04 (9867 turns).

Descartes the Nimble (Felid Transmuter)             Turns: 9867, Time: 00:15:04

Health: -2/32      AC:  2    Str:  9    XL:     8   Next: 77%
Magic:  12/12      EV: 27    Int: 14    God:
Gold:   352        SH:  0    Dex: 17    Spells: 3/11 levels left
                                        Lives:  0   Deaths: 2

rFire    + . .     SeeInvis +     - Unarmed
rCold    + . .     Gourm    .   (shield unavailable)
rNeg     . . .     Faith    .   (armour unavailable)
rPois    .         Spirit   .   (helmet unavailable)
rElec    +         Reflect  .   (cloak unavailable)
rCorr    .         Harm     .   (gloves unavailable)
MR       +....                  (boots unavailable)
Stlth    +++++.....             (no amulet)
HPRegen  0.10/turn              n - ring "Dawit" {Wiz rElec rF+ rC+}
MPRegen  0.13/turn              (no ring)

@: quick
A: very small, no armour, no weapons or thrown items, stealth, claws 1, fangs 3,
see invisible, carnivore, speed 1, shaggy fur 2, slow metabolism 1, sharp paws
a: no special abilities


You were on level 8 of the Dungeon.
You were full.

You visited 2 branches of the dungeon, and saw 9 of its levels.

You collected 352 gold pieces.

Inventory:

Missiles
 a - 138 arrows
 k - 141 stones
Jewellery
 n - the ring "Dawit" (left paw) {Wiz rElec rF+ rC+}
   (You acquired it on level 7 of the Dungeon)

   [ring of wizardry]

   It improves your spell success rate.
   It protects you from fire.
   It protects you from cold.
   It insulates you from electricity.
 q - an uncursed ring of resist corrosion {unknown}
Wands
 o - a wand of flame (9)
 p - a wand of iceblast (10)
 r - a wand of paralysis (10)
Scrolls
 d - 11 scrolls of remove curse
 e - 3 scrolls of fear
 g - 4 scrolls of enchant armour
 i - 4 scrolls of teleportation
 j - 2 scrolls of noise
 l - a scroll of magic mapping {unknown}
 m - a scroll of fog {unknown}
 t - a scroll of enchant weapon {unknown}
Potions
 b - 2 potions of flight
 f - a potion of agility
 h - a potion of brilliance
Comestibles
 c - 16 rations


   Skills:
 + Level 1.1 Fighting
 + Level 11.3 Dodging
 + Level 10.1 Stealth
 * Level 9.2 Unarmed Combat
 + Level 2.0 Spellcasting
 * Level 2.3 Transmutations
 + Level 0.1 Evocations


You had 3 spell levels left.
You knew the following spells:

 Your Spells              Type           Power        Failure   Level  Hunger
a - Beastly Appendage     Tmut           #.....       3%          1    ##.....
b - Sticks to Snakes      Tmut           #.......     6%          2    ###....
c - Blade Hands           Tmut           #.........   65%         5    ######.

Your spell library contained the following spells:

 Spells                   Type           Power        Failure   Level  Hunger
 Spider Form              Tmut/Pois      #.........   17%         3    ####...
 Ice Form                 Ice/Tmut       #.......     47%         4    #####..


Dungeon Overview and Level Annotations

Branches:
Dungeon (8/15)             Temple (1/1) D:5            Lair (0/6) D:8

Altars:
Ashenzari
Cheibriados
Dithmenos
Fedhas
Gozag
Hepliaklqana
Kikubaaqudgha
Makhleb
Nemelex Xobeh
Okawaru
Ru
Sif Muna
Uskayaw
Vehumet
Wu Jian
Xom
Yredelemnul
Zin
The Shining One

Shops:
D:4 :


Innate Abilities, Weirdness & Mutations

You cannot wear armour.
You are incapable of wielding weapons or throwing items.
Your paws allow you to move quietly. (Stealth)
You have sharp claws.
You have razor-sharp teeth.
You have supernaturally acute eyesight. (SInv)
You are carnivorous and can eat meat at any time.
You cover ground quickly.
You are covered in thick fur. (AC +2)
You have a slow metabolism.
Your sharp claws are effective at attacking unaware monsters.


Message History

A warg comes into view.
The helpless scorpion fails to defend itself.
You eviscerate the scorpion!!!!
You kill the scorpion! 2 orcs come into view.
The orc priest shouts!
The ogre shouts!
The warg howls!
A warg comes into view.
The orc shouts!
You hear a shout! x3
Found a staircase to the Lair.
A warg comes into view.
An orc wizard comes into view. It is wielding a +0 dagger.
The ogre hits you with a +0 giant spiked club!!
Ouch! That really hurt!
The warg howls! x2
The warg pauses to sniff the ground.
The orc shouts!
The warg stops to sniff the ground.
The orc priest invokes the aid of Beogh against you.
Beogh smites you!
You die...

............
..P....... #..ohP..#
. #.......# ...
#...h.# ....###o..#
........h#########
.................#
P########..@......#
. P#######.........#
P.♣P...............#
≈;..♣.....(........#
≈≈♣................#
≈≈≈≈...............#
♣≈...............#
♣≈≈................#
≈.≈≈..####.........


You could see a warg and an orc priest.

Vanquished Creatures
  Harold (D:8)
  Joseph (D:8)
  Eustachio (D:4)
  Sigmund (D:2)
  Menkaure (D:7)
  A hungry ghost (D:7)
  An ice beast (D:5)
  3 sky beasts
  An ogre (D:5)
  A phantom (D:4)
  4 centaurs
  5 bullfrogs
  3 scorpions
  An electric eel (D:8)
  A howler monkey (D:7)
  2 bullfrog zombies (D:7)
  A centaur zombie (D:5)
  2 crimson imps
  A hound (D:5)
  2 jellies
  A bullfrog skeleton (D:6)
  An orc priest (D:5)
  An iguana (D:4)
  Terence (D:2)
  4 worker ants
  A worker ant zombie (D:4)
  9 adders
  4 gnolls (D:2)
  A shadow imp (D:6)
  2 oozes (D:1)
  An adder skeleton (D:4)
  2 worms
  2 dart slugs
  7 leopard geckos
  7 orcs
  6 bats
  3 giant cockroaches
  8 goblins
  6 hobgoblins
  8 jackals
  4 quokkas
  A ball python (D:5)
  6 frilled lizards
  3 kobolds
  6 rats
129 creatures vanquished.

Notes
Turn   | Place    | Note
-------+----------+-------------------------------------------
     0 | D:1      | Descartes the Felid Transmuter began the quest for the Orb.
     0 | D:1      | Reached XP level 1. HP: 9/9 MP: 4/4
   258 | D:1      | Reached skill level 1 in Stealth
   262 | D:1      | Reached skill level 3 in Dodging
   574 | D:1      | Reached XP level 2. HP: 10/12 MP: 6/6
  1265 | D:1      | Reached XP level 3. HP: 15/15 MP: 7/7
  1873 | D:2      | Noticed Terence
  1881 | D:2      | Killed Terence
  2093 | D:2      | Found a faded altar of an unknown god.
  2105 | D:2      | Reached XP level 4. HP: 19/19 MP: 8/8
  2115 | D:2      | Reached skill level 4 in Dodging
  2315 | D:2      | Noticed Sigmund
  3307 | D:3      | Found a blossoming altar of Fedhas.
  3352 | D:3      | Reached XP level 5. HP: 22/22 MP: 9/9
  3992 | D:4      | Found Cozoy's Book Boutique.
  4160 | D:4      | Noticed Eustachio
  4167 | D:4      | Killed Eustachio
  4167 | D:4      | Reached skill level 5 in Dodging
  4167 | D:4      | Reached skill level 5 in Stealth
  4167 | D:4      | Gained mutation: You are covered in thick fur. (AC +2)
                  | [Felid growth]
  4167 | D:4      | Reached XP level 6. HP: 11/25 MP: 10/10
  4764 | D:4      | Reached skill level 5 in Unarmed Combat
  5366 | D:4      | Reached skill level 6 in Dodging
  5366 | D:4      | Reached XP level 7. HP: 23/28 MP: 11/11
  5494 | D:2      | Slain by Sigmund
  5495 | D:2      | Reached XP level 6. HP: 0/25 MP: 10/10
  5812 | D:2      | Killed Sigmund
  5945 | D:5      | Entered Level 5 of the Dungeon
  6076 | D:5      | Reached XP level 7. HP: 27/28 MP: 11/11
  6114 | D:5      | Reached skill level 7 in Dodging
  6213 | D:5      | Found an opulent altar of Gozag.
  6294 | D:5      | HP: 1/28 [orc priest/nerve-wracking pain (6)]
  6298 | D:5      | Found a staircase to the Ecumenical Temple.
  6305 | Temple   | Entered the Ecumenical Temple
  7117 | D:5      | HP: 1/28 [poisoned by a scorpion]
  7129 | D:5      | Reached XP level 8. HP: 25/32 MP: 12/12
  7159 | D:5      | Reached skill level 8 in Dodging
  7955 | D:6      | Learned a level 2 spell: Sticks to Snakes
  7961 | D:6      | Learned a level 5 spell: Blade Hands
  8057 | D:6      | Reached skill level 9 in Dodging
  8333 | D:6      | Found a snail-covered altar of Cheibriados.
  9031 | D:7      | Reached XP level 9. HP: 22/35 MP: 13/13
  9435 | D:7      | Noticed Menkaure
  9443 | D:7      | Killed Menkaure
  9443 | D:7      | Reached skill level 10 in Stealth
  9450 | D:7      | Identified a scroll of acquirement
  9452 | D:7      | Got a crude bone ring
  9453 | D:7      | Identified the ring "Dawit" {Wiz rElec rF+ rC+} (You
                  | acquired it on level 7 of the Dungeon)
  9674 | D:8      | Noticed Harold
  9679 | D:8      | Killed Harold
  9679 | D:8      | Reached skill level 10 in Dodging
  9684 | D:8      | Noticed Joseph
  9694 | D:8      | Killed Joseph
  9694 | D:8      | Reached skill level 11 in Dodging
  9848 | D:8      | Killed from afar by an electric eel
  9849 | D:8      | Reached XP level 8. HP: 0/32 MP: 12/12
  9863 | D:8      | Found a staircase to the Lair.
  9867 | D:8      | Killed from afar by an orc priest

Levels and vault maps discovered:
D:1:      dpeg_arrival_concentric_ovals, layout_basic
D:2:      layout_loops_corners, chequers_ecumenical_altar_twisty, first_ration,
          uniq_sigmund, uniq_terence
D:3:      layout_basic, fedhas_altar_2, grunt_ministairs_10,
          chequers_serial_rivers_marsh
D:4:      layout_gridville, serial_shops, shop, uniq_eustachio
D:5:      layout_loops_cross, overflow_temple_1_default,
          minmay_temple_entry_proselytizer
D:6:      layout_gridville, nicolae_overflow_crystal_walls, grunt_ministairs_3
D:7:      layout_rooms, hangedman_decor_peaks_small, uniq_menkaure
D:8:      statuecave_lemuel, layout_basic, marbit_many_paths,
          grunt_qazlal_clouds, erik_lair_orcish_takeover, grunt_ogre_cave,
          serial_bayou_pond_a, skrybe_limestone_x, uniq_harold, uniq_joseph,
          uniq_pikel
Temple:   compressed_dpeg_circular_temple

Skill      XL: |  1  2  3  4  5  6  7  8  9 |
---------------+----------------------------+-----
Stealth        | 1 2 3 5 6 8 9 10 | 10.1
Dodging        | 3 4 5 6 7 9 11 | 11.3
Unarmed Combat | 4 5 6 7 9 |  9.2
Fighting       | |  1.1
Spellcasting   | |  2.0
Transmutations | |  2.3
Evocations     | |  0.1

Action                   |  1- 3 |  4- 6 |  7- 9 || total
-------------------------+-------+-------+-------++-------
Melee: Unarmed           |    99 |   190 |   286 ||   575
       Bite              |     6 |    20 |    33 ||    59
       Punch             |       |     1 |    11 ||    12
  Use: Scroll            |       |     1 |     7 ||     8
       Potion            |       |       |     7 ||     7
 Stab: Sleeping          |     5 |    12 |    12 ||    29
       Distracted        |       |     1 |       ||     1
       Invisible         |       |       |     2 ||     2
  Eat: Chunk             |    10 |    11 |    17 ||    38
Armor: Skin              |    12 |     7 |    15 ||    34
Dodge: Dodged            |   106 |   149 |   236 ||   491
